 Dungeon Crawl Stone Soup version 0.21-a0-193-g085b6a0 (webtiles) character file.

25 seren the Skirmisher (level 2, 0/24 HPs)
             Began as a Demonspawn Abyssal Knight on Aug 14, 2017.
             Was a Follower of Lugonu.
             Slain by Natasha (8 damage)
             ... on level 2 of the Dungeon.
             The game lasted 00:02:05 (981 turns).

seren the Skirmisher (Demonspawn Abyssal Knight)     Turns: 981, Time: 00:02:05

Health: 0/24       AC:  3    Str: 12    XL:     2   Next: 86%
Magic:  3/3        EV: 11    Int: 10    God:    Lugonu [*.....]
Gold:   62         SH:  4    Dex: 12    Spells: 1/1 levels left

rFire    . . .     SeeInvis .   a - +1 falchion
rCold    . . .     Gourm    .   (no shield)
rNeg     . . .     Faith    .   b - +0 leather armour
rPois    .         Spirit   .   (no helmet)
rElec    .         Reflect  .   (no cloak)
rCorr    .         Harm     .   (no gloves)
MR       +....                  (no boots)
Stlth    +.........             (no amulet)
HPRegen  0.08/turn              j - -3 ring of intelligence (curse)
MPRegen  0.08/turn              o - ring of protection from magic

@: no status effects
A: large bone plates 1
a: Depart the Abyss, Renounce Religion


You were on level 2 of the Dungeon.
You worshipped Lugonu.
Lugonu was aware of your devotion.
You were not hungry.

You visited 1 branch of the dungeon, and saw 3 of its levels.
You visited the Abyss 1 time.

You collected 62 gold pieces.

Inventory:

Hand Weapons
 a - a +1 falchion (weapon)
 d - a +0 short sword
Armour
 b - a +0 leather armour (worn)
 r - a +0 shield
Jewellery
 j - a cursed -3 ring of intelligence (left hand)
 o - a ring of protection from magic (right hand)
Scrolls
 g - a scroll of remove curse {unknown}
 h - 2 scrolls of teleportation {unknown}
 i - a scroll of fear {unknown}
 n - a scroll of identify {unknown}
 p - a scroll of fog {unknown}
 v - a scroll of enchant weapon {unknown}
Potions
 e - 2 potions of flight {unknown}
 q - a potion of might
 s - a potion of curing {unknown}
 t - a potion of degeneration {unknown}
 u - a potion of brilliance {unknown}
Comestibles
 c - 2 bread rations
 f - 3 chunks of flesh
 k - 3 fruits
 l - a royal jelly
 m - a meat ration


   Skills:
 + Level 3.4 Fighting
 * Level 2.0 Long Blades
 + Level 2.1 Armour
 + Level 1.2 Dodging
 - Level 2.6 Invocations


You had one spell level left.
You didn't know any spells.

Dungeon Overview and Level Annotations

Branches:
Dungeon (3/15)

Altars:

Annotations:
D:2 Natasha


Innate Abilities, Weirdness & Mutations

You are partially covered in large bone plates. (SH +4)


Message History

You barely miss Natasha.
Natasha is moderately wounded.
Natasha claws you!
You closely miss Natasha.
Natasha is moderately wounded.
Natasha claws you!
* * * LOW HITPOINT WARNING * * *
You hit Natasha but do no damage.
Natasha is moderately wounded.
Natasha mumbles some strange words.
You feel troubled.
Natasha drinks a potion.
Natasha seems to grow stronger.
You hit Natasha.
Natasha is heavily wounded.
Natasha casts a spell at you. You resist with almost no effort.
You barely miss Natasha.
Natasha is heavily wounded.
Natasha claws you!
You die...

######## #......# #
#......# #. #......#
..### ####......#
?.. #.........#
###.##h###....(...##
.......@...........#
....##.............#
? #####.........#
#..<#####.# #####
#.## #..# ##.# #.#
#.#


You could see Natasha.

Vanquished Creatures
  An ooze (D:1)
  A leopard gecko (D:1)
  A giant cockroach (D:1)
  A goblin (D:1)
  2 hobgoblins (D:1)
  3 jackals (D:1)
  4 bats
  3 frilled lizards
  A kobold (D:1)
  2 rats
19 creatures vanquished.

Notes
Turn   | Place    | Note
-------+----------+-------------------------------------------
     0 | Abyss:1  | seren the Demonspawn Abyssal Knight began the quest for the Orb.
     0 | Abyss:1  | Reached XP level 1. HP: 18/18 MP: 2/2
    22 | D:1      | Escaped the Abyss
   252 | D:1      | Gained mutation: You are partially covered in large bone plates. (SH +4) [demonic ancestry]
   252 | D:1      | Reached XP level 2. HP: 24/24 MP: 3/3
   476 | D:1      | Reached skill level 1 in Dodging
   975 | D:2      | Noticed Natasha
   981 | D:2      | Slain by Natasha

Vault maps used:
D:1:      dpeg_arrival_windows_large_door
D:2:      uniq_natasha
D:3:      old_standard_altar, grunt_ministairs_6, uniq_sigmund

Skill      XL: |  1  2 |
---------------+-------+-----
Armour         | 2 |  2.1
Long Blades    | 2 |  2.0
Dodging        | 1 |  1.2
Fighting       | |  3.4
Invocations    | |  2.6

Action                   || total
-------------------------++-------
Melee: Falchion          ||    65
Armor: Leather armour    ||    28
Dodge: Dodged            ||    39
Block: Other             ||     7
       Rpst.: Falchion   ||    14
